 Dungeon Crawl Stone Soup version 0.29-a0-275-g389c0b56f3 (webtiles) character file.

Game seed: 516105744006916144

2834 Krypt the Protected (level 9, -9/118 HPs)
             Began as a Minotaur Berserker on Mar 11, 2022.
             Was a Believer of Trog.
             Mangled by an orc knight
             ... wielding a +0 glaive
              (33 damage)
             ... in a bailey.
             The game lasted 00:32:47 (14686 turns).

Krypt the Protected (Minotaur Berserker)           Turns: 14686, Time: 00:32:48

Health: -9/118     AC: 14    Str: 26    XL:     9   Next: 45%
Magic:  8/8        EV:  7    Int:  4    God:    Trog [**....]
Gold:   283        SH:  9    Dex: 10    Spells: 8/8 levels left

rFire   . . .      SeeInvis .   a - +0 hand axe
rCold   + . .      Faith    .   d - +0 kite shield
rNeg    + . .      Spirit   .   D - +0 plate armour
rPois   .          Reflect  .   (helmet restricted)
rElec   .          Harm     .   (no cloak)
rCorr   .          Rampage  .   (no gloves)
Will    .....                   (no boots)
Stlth   ..........              s - amulet of regeneration
HPRegen 1.09/turn               B - ring of positive energy
MPRegen 0.11/turn               F - ring of protection from cold

@: berserking, very quick
A: horns 2, retaliatory headbutt
a: Renounce Religion, Berserk, Trog's Hand


You were in a bailey.
You worshipped Trog.
Trog was pleased with you.
You visited 2 branches of the dungeon, and saw 8 of its levels.
You also visited: Bailey.

You collected 283 gold pieces.

Inventory:

Hand Weapons
 a - a +0 hand axe (weapon)
Missiles
 C - 73 stones
Armour
 d - a +0 kite shield (worn)
 e - the -2 pair of boots of Enormous Music {*Slow Int+4 Dex+4 SInv}
   (You found it on level 7 of the Dungeon)

   Int:       It affects your intelligence (+4).
   Dex:       It affects your dexterity (+4).
   SInv:      It lets you see invisible.
   *Slow:     It may slow you when you take damage.
 l - a +0 chain mail
 D - a +0 plate armour (worn)
Magical Staves
 j - a staff of poison
Jewellery
 c - an amulet of regeneration
 k - an amulet of the acrobat
 s - an amulet of regeneration (around neck)
 B - a ring of positive energy (left hand)
 F - a ring of protection from cold (right hand)
Wands
 t - a wand of iceblast (11)
Scrolls
 b - 3 scrolls of enchant weapon
 f - 3 scrolls of teleportation
 h - 2 scrolls of amnesia
 p - 2 scrolls of blinking {unknown}
 q - a scroll of brand weapon {unknown}
 r - a scroll of fog {unknown}
 v - 3 scrolls of noise
 x - a scroll of magic mapping {unknown}
 y - a scroll of acquirement {unknown}
 E - a scroll of enchant armour {unknown}
Potions
 g - a potion of heal wounds {unknown}
 i - a potion of invisibility {unknown}
 m - 3 potions of attraction
 n - a potion of might {unknown}
 o - a potion of haste {unknown}
 u - 4 potions of degeneration
 w - 2 potions of curing
 z - 2 potions of berserk rage {unknown}
 A - a potion of resistance {unknown}


   Skills:
 * Level 7.0 Fighting
 * Level 8.7 Axes
 * Level 8.8 Armour
 * Level 4.5 Dodging
 + Level 0.6 Stealth
 * Level 5.4 Shields
 * Level 3.5 Evocations


You had 8 spell levels left.
You didn't know any spells.
Your spell library contained the following spells:

 Spells                   Type           Power      Damage    Failure   Level
 Freeze                   Ice            0%         1d3       100%        1
 Summon Small Mammal      Summ           0%         N/A       100%        1
 Call Canine Familiar     Summ           0%         N/A       100%        3
 Frozen Ramparts          Ice            0%         1d2       100%        3
 Summon Guardian Golem    Hex/Summ       0%         N/A       100%        3
 Hailstorm                Conj/Ice       0%         3d3       100%        4


Dungeon Overview and Level Annotations

Branches:
Dungeon (7/15)             Temple (1/1) D:6          Bailey (1/1)

Altars:

Shops:
D:6 *


Innate Abilities, Weirdness & Mutations

You have a pair of horns on your head.
You reflexively headbutt those who attack you in melee.


Message History

You start waiting.
Done waiting.
You start waiting.
Done waiting.
There is an open door, spattered with blood here.
You open the door. You open the door. You open the gate.
Found 3 scrolls of enchant weapon.
Found two gates leading back out of this place.
There is an open gate here.
b - 3 scrolls of enchant weapon You open the door.
An orc warrior and 3 orc knights come into view.
The orc knight shouts!
The orc knight hits you from afar with a +0 glaive!
Found the Catalogue of Poisoning and the Entourage and a book of Vapours.
You block the orc knight's attack. You block the orc warrior's attack.
The orc knight roars a battlecry!
The orcs go into a battle-frenzy!
There is an open door here.
A red film seems to cover your vision as you go berserk!
You feel yourself moving faster!
You feel mighty!
The orc knight hits you from afar with a +0 halberd!
The orc knight barely misses you.
The orc warrior hits you with a +0 halberd!!
The orc knight hits you with a +0 glaive!
You slash the orc knight!
The orc knight is lightly wounded.
You closely miss the orc knight. You slash the orc warrior!
You barely miss the orc knight.
The orc knight is lightly wounded.
You barely miss the orc knight. You barely miss the orc warrior.
The orc knight roars a battlecry!
The orc knight goes into a battle-frenzy!
The orc knight hits you with a +0 halberd!!
* * * LOW HITPOINT WARNING * * *
The orc warrior barely misses you.
The orc knight hits you with a +0 glaive!!
You die...

..)≈≈.≈≈≈...#########...≈≈≈.≈≈...
.....).....##.......##...........
..........##..#'#'#..##..........
..........#..##)#.##..#..........
.........##.#########.##.........
.........##.')#:.:#.'.##.........
.........##.###.8o###.##.........
.........##.')#ooo#.'.##.........
.........##.####@####.##.........
.........##..##∩.∩##..#..........
.............##'''#..##..........
.............##.....##...........
...≈≈.≈≈≈....##....##...≈≈≈.≈≈...
..≈≈#.##≈....#######....≈##.#≈≈..
..≈##.∩#≈...............≈#∩)##≈..
..≈#.))...................)).#≈..
..≈##.##≈...............≈##.##≈..


You could see 3 orc knights and an orc warrior (strong).

Vanquished Creatures
  Grinder (D:6)
  8 orc warriors (Bailey)
  An ice beast (D:6)
  5 black bears
  2 ogres
  The ghost of jlumianski the Chopper, an amateur DsGl (D:6)
  The ghost of NobodyCares the Firebug, an amateur DrFE (D:3)
  A centaur (D:6)
  A bullfrog (D:6)
  2 scorpions
  3 wights (D:6)
  A howler monkey (D:4)
  A jelly (D:2)
  3 hounds
  3 iguanas
  2 orc wizards
  7 adders
  9 gnolls
  A shadow imp (D:7)
  2 white imps
  An ufetubus (D:5)
  2 worms (D:3)
  3 dart slugs
  28 orcs
  6 bats
  4 endoplasms
  9 giant cockroaches
  4 goblins
  11 hobgoblins
  4 jackals
  5 quokkas
  8 ball pythons
  5 frilled lizards
  8 kobolds
  3 rats
156 creatures vanquished.

Vanquished Creatures (others)
  25 plants (D:2)
25 creatures vanquished.

Grand Total: 181 creatures vanquished

Notes
Turn   | Place    | Note
-------+----------+-------------------------------------------
     0 | D:1      | Krypt the Minotaur Berserker began the quest for the Orb.
     0 | D:1      | Reached XP level 1. HP: 19/19 MP: 0/0
   276 | D:1      | Reached XP level 2. HP: 26/27 MP: 1/1
  1885 | D:2      | Reached XP level 3. HP: 33/33 MP: 2/2
  2225 | D:2      | Reached XP level 4. HP: 41/41 MP: 3/3
  2248 | D:2      | Reached skill level 1 in Shields
  2451 | D:2      | Reached skill level 5 in Axes
  3040 | D:3      | Reached ** piety under Trog
  3143 | D:3      | Found a runed translucent door.
  3143 | D:3      | Noticed NobodyCares's ghost (amateur DrFE)
  3157 | D:3      | Killed NobodyCares's ghost
  3158 | D:3      | Reached XP level 5. HP: 37/47 MP: 4/4
  4329 | D:4      | Noticed a black bear
  4329 | D:4      | Noticed an ogre
  4372 | D:4      | Reached XP level 6. HP: 47/55 MP: 5/5
  4411 | D:4      | Reached skill level 5 in Fighting
  4922 | D:4      | Reached skill level 1 in Evocations
  4922 | D:4      | Reached XP level 7. HP: 52/61 MP: 6/6
  4924 | D:4      | Reached skill level 5 in Armour
  5474 | D:5      | Entered Level 5 of the Dungeon
  7365 | D:5      | Reached XP level 8. HP: 65/70 MP: 7/7
  8714 | D:6      | Found Noc Puowk's Assorted Antiques.
  9584 | D:6      | Found a runed translucent door.
  9584 | D:6      | Noticed jlumianski's ghost (amateur DsGl)
  9599 | D:6      | Killed jlumianski's ghost
 10554 | D:6      | Noticed Grinder
 10557 | D:6      | Paralysed by Grinder for 4 turns
 10567 | D:6      | Killed Grinder
 10568 | D:6      | Reached XP level 9. HP: 78/78 MP: 8/8
 11199 | D:6      | Found a staircase to the Ecumenical Temple.
 11205 | Temple   | Entered the Ecumenical Temple
 11530 | D:7      | Identified the -2 pair of boots of Enormous Music {*Slow
                  | Int+4 Dex+4 SInv}
 11724 | D:7      | Found a flagged portal.
 11759 | Bailey   | Entered a bailey
 12746 | Bailey   | Reached skill level 5 in Shields
 13175 | Bailey   | Reached *** piety under Trog
 14682 | Bailey   | Noticed an orc knight
 14682 | Bailey   | Noticed an orc knight
 14682 | Bailey   | Noticed an orc knight
 14686 | Bailey   | Mangled by an orc knight

Illustrated notes

Levels and vault maps discovered:
D:1:      dpeg_arrival_orchard, layout_loops_cross
D:2:      wad_woods_tower, layout_basic
D:3:      layout_loops_ring, gammafunk_ghost_grave
D:4:      layout_loops_corners, minmay_ruptured
D:5:      layout_loops_corners
D:6:      layout_cave_pools, minmay_temple_entry_fiery, gammafunk_ghost_grave,
          corner_web_ring, st_stairs_13, minmay_shop_grid_forest, uniq_grinder
D:7:      layout_loops_ring, enter_bailey_2, kennysheep_path_1, uniq_joseph
Temple:   mainiacjoe_temple_trianglar_array
Bailey:   bailey_polearm_2, bailey

Skill      XL: |  1  2  3  4  5  6  7  8  9 |
---------------+----------------------------+-----
Fighting       | 4 5 6 7 |  7.0
Axes           | 4 5 6 7 8 |  8.7
Shields        | 2 3 4 5 |  5.4
Armour         | 3 4 5 8 |  8.8
Dodging        | 3 4 |  4.5
Evocations     | 1 2 3 |  3.5
Stealth        | |  0.6

Action                   |  1- 3 |  4- 6 |  7- 9 || total
-------------------------+-------+-------+-------++-------
Melee: Hand axe          |    40 |   134 |   258 ||   432
       Headbutt          |     9 |    19 |    52 ||    80
Invok: Berserk           |     3 |     5 |    14 ||    22
Evoke: Wand              |       |       |     3 ||     3
  Use: Scroll            |       |     3 |     3 ||     6
Armor: Ring mail         |    11 |       |       ||    11
       Animal skin       |     1 |       |       ||     1
       Chain mail        |     7 |   108 |    72 ||   187
       Plate armour      |       |       |    51 ||    51
Dodge: Dodged            |    68 |   102 |    96 ||   266
Block: Kite shield       |    38 |    93 |   117 ||   248

Table legend: (Time is in decaauts)
 A = Elapsed time spent in this place.
 B = Non-inter-level travel time spent in this place.
 C = Inter-level travel time spent in this place.
 D = Time resting spent in this place.
 E = Time spent auto-exploring this place.
 F = Levels seen in this place.
 G = Mean time per level.
                   A        B        C        D        E       F      G
               +--------+--------+--------+--------+--------+-----+--------+
         Total |  14950 |  14835 |    115 |   9323 |   3322 |   9 | 1661.1 |
       Dungeon |  11990 |  11875 |    115 |   6731 |   3257 |   7 | 1712.9 |
        Temple |      3 |      3 |      0 |      0 |      0 |   1 |    3.0 |
        Bailey |   2956 |   2956 |      0 |   2591 |     65 |   1 | 2956.0 |
               +--------+--------+--------+--------+--------+-----+--------+

Top non-repeatable levels by time:
     D:6: 3718 daAuts
  Bailey: 2956 daAuts
     D:5: 2162 daAuts
     D:1: 1890 daAuts
     D:3: 1266 daAuts
     D:4: 1251 daAuts
     D:2: 1186 daAuts
     D:7: 514 daAuts
  Temple: 3 daAuts
